 Dungeon Crawl Stone Soup version 0.25-a0-719-gde951dce62 (webtiles) character file.

Game seed: 10507777690112350039, levelgen mode: deterministic

3301 kae the Grappler (level 9, -6/64 HPs)
             Began as a Grey Draconian Transmuter on Apr 6, 2020.
             Was a Believer of Wu Jian.
             Mangled by a meliai
             ... wielding a +0 hand axe
              (17 damage)
             ... on level 8 of the Dungeon.
             The game lasted 00:09:33 (9118 turns).

kae the Grappler (Grey Draconian Transmuter)        Turns: 9118, Time: 00:09:33

Health: -6/64      AC: 12    Str: 15    XL:     9   Next: 70%
Magic:  15/18      EV: 16    Int: 14    God:    Wu Jian [**....]
Gold:   383        SH:  0    Dex: 12    Spells: 6/21 levels left

rFire    + . .     SeeInvis .     - Unarmed
rCold    + . .     Gourm    .   (no shield)
rNeg     . . .     Faith    .   (armour unavailable)
rPois    .         Spirit   .   (helmet restricted)
rElec    .         Reflect  .   j - scarf {rC+ rF+}
rCorr    .         Harm     .   (no gloves)
MR       .....                  (no boots)
Stlth    +.........             b - amulet of the acrobat
HPRegen  0.20/turn              y - ring of wizardry
MPRegen  0.16/turn              r - +4 ring of evasion

@: lethally poisoned (-6 -> -19), about to teleport, very slightly contaminated
A: walk through water, unfitting armour, unbreathing, cold-blooded, AC +12
a: Wall Jump, Renounce Religion


You were on level 8 of the Dungeon.
You worshipped Wu Jian.
Wu Jian was pleased with you.
You were not hungry.

You visited 1 branch of the dungeon, and saw 8 of its levels.

You collected 545 gold pieces.
You spent 162 gold pieces at shops.

Inventory:

Missiles
 a - 170 arrows
Armour
 j - a scarf of resistance (worn)
 E - a +0 cloak
Jewellery
 b - an amulet of the acrobat (around neck)
 g - an uncursed ring of protection from cold
 i - a +1 ring of slaying
 r - a +4 ring of evasion (right hand)
 v - an uncursed ring of wizardry
 y - a ring of wizardry (left hand)
 F - an uncursed ring of wizardry
Wands
 q - a wand of polymorph (8)
 s - a wand of paralysis (7)
 u - a wand of iceblast (10)
 w - a wand of digging (6)
Scrolls
 e - 4 scrolls of teleportation
 h - 10 scrolls of remove curse
 m - 2 scrolls of amnesia
 p - 7 scrolls of enchant weapon
 t - 2 scrolls of enchant armour
 G - a scroll of noise {unknown}
 H - a scroll of identify
Potions
 d - 2 potions of lignification
 f - 2 potions of might
 k - 2 potions of brilliance
 l - a potion of stabbing
 n - a potion of heal wounds
 o - 2 potions of haste
 x - 2 potions of curing
 z - a potion of cancellation
 A - a potion of invisibility {unknown}
 B - a potion of berserk rage {unknown}
 C - 2 potions of ambrosia {unknown}
Comestibles
 c - 11 rations


   Skills:
 - Level 1.1 Fighting
 - Level 1.7 Dodging
 * Level 10.2 Unarmed Combat
 + Level 6.5 Spellcasting
 + Level 7.2 Transmutations


You had 6 spell levels left.
You knew the following spells:

 Your Spells              Type           Power        Failure   Level  Hunger
a - Beastly Appendage     Tmut           ###...       1%          1    None
b - Sticks to Snakes      Tmut           ###.....     1%          2    #......
c - Spider Form           Tmut/Pois      ##........   4%          3    ##.....
d - Ice Form              Ice/Tmut       ##......     14%         4    ####...
e - Blade Hands           Tmut           ###.......   9%          5    ######.

Your spell library contained the following spells:

 Spells                   Type           Power        Failure   Level  Hunger
 Animate Skeleton         Necr           N/A          6%          1    None
 Apportation              Tloc           #.....       6%          1    None
 Corona                   Hex            #......      6%          1    None
 Summon Small Mammal      Summ           #...         6%          1    None
 Petrify                  Tmut/Erth      ##......     14%         4    ####...
 Confusing Touch          Hex            #.......     17%         3    ##.....
 Gell's Gravitas          Tloc           #.........   17%         3    ##.....
 Yara's Violent Unravell  Hex/Tmut       ##........   34%         5    ######.
 Metabolic Englaciation   Hex/Ice        #.........   82%         5    ######.


Dungeon Overview and Level Annotations

Branches:
Dungeon (8/15)             Temple (0/1) D:6
   Lair: D:8-11

Altars:
Ashenzari
Gozag
Nemelex Xobeh
Okawaru
Ru
Sif Muna
Uskayaw
Vehumet
Wu Jian
Yredelemnul
The Shining One

Shops:
D:4 *   D:5 [   D:7 (

Annotations:
D:7 2 transporters, kae's ghost, novice DrTm


Innate Abilities, Weirdness & Mutations

You can walk through water.
Your dull iron-grey scales are very hard. (AC +12)
You cannot fit into any form of body armour.
You can survive without breathing.
You are cold-blooded and may be slowed by cold attacks.


Message History

Casting: Spider Form (safe; 4% risk of failure)
Confirm with . or Enter, or press ? or * to list all spells.
You miscast Spider Form.
You are very lightly contaminated with residual magic.
Wisps of poison gas drift from your hands.
The meliai barely misses you.
The meliai stings you but does no damage.
You hit the meliai but do no damage. The meliai hits you with a +0 hand axe.
The meliai stings you.
* * * LOW HITPOINT WARNING * * *
The meliai barely misses you. The meliai stings you.
* * * LOW HITPOINT WARNING * * *
You are lethally poisoned!
The meliai poisons you!
As you read the scroll of teleportation, it crumbles to dust.
You feel strangely unstable.
* * * LOW HITPOINT WARNING * * *
You feel sick. The meliai barely misses you. The meliai misses you.
The meliai hits you with a +0 hand axe!
You die...

#.# #.# .# ###...# #.#
##.### .#$ #...#
####.#####....# #.#
###.#######
.......>....#######.##
#........
####.......## #.....#
########. #########
#)##### ## ####... #(#
#.. ........ ### #y#
#.# ####.... ..#
#@#####.## #.... #.#
#........## #.... #.#
#####.#.#.####.### #.#
#.....<..)))..# #.#
#.##.#.#.###..# #.#
#.###...## #..# #.#
#<# ##.## #..# #.# #.#
#.# #..### #.# #.#
#.#####..##.


You could see a meliai.

Vanquished Creatures
  A komodo dragon (D:8)
  A wyvern (D:8)
  Edmund (D:6)
  3 orc warriors
  2 phantoms
  5 ogres
  A centaur (D:8)
  2 big kobolds (D:8)
  Blork the orc (D:6)
  A gnoll sergeant (D:8)
  4 bullfrogs
  A wyvern skeleton (D:8)
  A scorpion (D:7)
  2 howler monkeys
  4 crimson imps
  A bullfrog zombie (D:7)
  4 hounds
  A jelly (D:8)
  A quasit (D:8)
  2 orc priests (D:8)
  3 centaur skeletons
  5 orc wizards
  An iguana (D:7)
  A worker ant (D:8)
  5 hound skeletons
  2 worker ant zombies
  9 gnolls
  11 adders
  2 shadow imps
  2 adder skeletons
  A worm (D:2)
  A dart slug (D:3)
  2 leopard geckos
  44 orcs
  4 bats
  11 giant cockroaches
  5 goblins
  8 hobgoblins
  6 jackals (D:3)
  3 quokkas
  A ball python (D:3)
  3 frilled lizards
  15 kobolds
  A leopard gecko skeleton (D:5)
  A quokka zombie (D:8)
  11 rats
197 creatures vanquished.

Vanquished Creatures (others)
  A howler monkey (D:6)
1 creature vanquished.

Grand Total: 198 creatures vanquished

Notes
Turn   | Place    | Note
-------+----------+-------------------------------------------
     0 | D:1      | kae the Draconian Transmuter began the quest for the Orb.
     0 | D:1      | Reached XP level 1. HP: 16/16 MP: 3/3
   129 | D:1      | Reached XP level 2. HP: 20/23 MP: 3/5
  1288 | D:1      | Reached XP level 3. HP: 28/28 MP: 4/6
  1686 | D:1      | Reached skill level 4 in Unarmed Combat
  1871 | D:1      | Learned a level 2 spell: Sticks to Snakes
  1875 | D:1      | Learned a level 3 spell: Spider Form
  1962 | D:2      | Reached XP level 4. HP: 35/35 MP: 3/7
  2906 | D:3      | Found a faded altar of an unknown god.
  3135 | D:3      | Found a sacrificial altar of Ru.
  3319 | D:3      | Reached XP level 5. HP: 40/40 MP: 9/9
  4020 | D:4      | Found Ylex's Assorted Antiques.
  4033 | D:4      | Bought a scroll labeled KEDDAO DAFIE for 27 gold pieces
  4033 | D:4      | Bought a coral ring for 135 gold pieces
  4096 | D:4      | Found a shimmering blue altar of Sif Muna.
  4096 | D:4      | Found a radiant altar of Vehumet.
  4096 | D:4      | Found a sparkling altar of Nemelex Xobeh.
  4216 | D:4      | Reached skill level 5 in Unarmed Combat
  4273 | D:4      | Found a hide-covered altar of Uskayaw.
  4439 | D:5      | Entered Level 5 of the Dungeon
  4439 | D:5      | Noticed an ogre
  4450 | D:5      | Killed an ogre
  4450 | D:5      | Reached XP level 6. HP: 47/47 MP: 6/11
  4585 | D:4      | Learned a level 4 spell: Ice Form
  4795 | D:5      | Reached skill level 6 in Unarmed Combat
  4865 | D:5      | Your scales start taking on a dull iron-grey colour.
  4865 | D:5      | Reached XP level 7. HP: 52/52 MP: 10/12
  4865 | D:5      | Gained mutation: You can survive without breathing. [Grey
                  | Draconian growth]
  5070 | D:5      | Found Cibiret's Armour Boutique.
  5356 | D:6      | Noticed Blork the orc
  5365 | D:6      | Killed Blork the orc
  5401 | D:6      | Found a glowing golden altar of the Shining One.
  5441 | D:6      | Reached skill level 7 in Unarmed Combat
  5516 | D:6      | Found a staircase to the Ecumenical Temple.
  5516 | D:6      | Noticed Edmund
  5527 | D:6      | Killed Edmund
  5527 | D:6      | Reached skill level 5 in Transmutations
  5527 | D:6      | Reached XP level 8. HP: 59/59 MP: 6/14
  5636 | D:6      | Found an iron altar of Okawaru.
  5636 | D:6      | Found an ornate altar of the Wu Jian Council.
  5639 | D:6      | Found an opulent altar of Gozag.
  5793 | D:6      | Found a shattered altar of Ashenzari.
  5829 | D:6      | Found a basalt altar of Yredelemnul.
  5925 | D:6      | Noticed an angel
  5978 | D:6      | Became a worshipper of the Wu Jian Council
  6283 | D:7      | Reached skill level 5 in Spellcasting
  6290 | D:7      | Found Juskor's Weapon Boutique.
  6291 | D:7      | Found a transporter.
  6342 | D:7      | Noticed a freezing wraith
  6344 | D:7      | Noticed kae's ghost (novice DrTm)
  6347 | D:7      | Found a transporter.
  6396 | D:7      | Reached skill level 8 in Unarmed Combat
  7355 | D:7      | Learned a level 5 spell: Blade Hands
  7434 | D:8      | Reached * piety under Wu Jian
  7695 | D:8      | Reached skill level 9 in Unarmed Combat
  7695 | D:8      | Reached XP level 9. HP: 59/64 MP: 14/17
  8192 | D:8      | Reached ** piety under Wu Jian
  9034 | D:8      | Noticed a komodo dragon
  9047 | D:8      | Killed a komodo dragon
  9047 | D:8      | Reached skill level 10 in Unarmed Combat
  9114 | D:8      | Noticed a meliai
  9118 | D:8      | Mangled by a meliai

Levels and vault maps discovered:
D:1:      wheals_arrival_shading, layout_basic
D:2:      layout_rooms
D:3:      layout_basic, nicolae_ru_sacrificial_ziggurat,
          chequers_ecumenical_altar_twisty
D:4:      layout_loops_cross, old_standard_altar,
          gammafunk_temple_overflow_claw, serial_shops, shop_fountains,
          first_ration
D:5:      layout_cave_pools, serial_shops, nicolae_shop_trees,
          hangedman_decor_riveting
D:6:      layout_rooms, grunt_temple_overflow_holy_war, minitemple,
          kennysheep_mini, temple_pool_b, uniq_blork_the_orc, uniq_edmund
D:7:      layout_layer_cave, serial_shops,
          nicolae_shop_temple_entry_statues_fountains, gammafunk_ghost_arena
D:8:      minmay_cornered_nines, layout_loops_ring, special_room
          [special_room_orc]

Skill      XL: |  1  2  3  4  5  6  7  8  9 |
---------------+----------------------------+-----
Unarmed Combat | 4 5 6 7 9 10 | 10.2
Transmutations | 3 4 5 6 7 |  7.2
Spellcasting   | 3 4 5 6 |  6.5
Fighting       | |  1.1
Dodging        | |  1.7

Action                   |  1- 3 |  4- 6 |  7- 9 || total
-------------------------+-------+-------+-------++-------
Melee: Unarmed           |   129 |   189 |   375 ||   693
       Headbutt          |     5 |     4 |     2 ||    11
       Tailslap          |    12 |    10 |    23 ||    45
       Kick              |     7 |     7 |     4 ||    18
       Punch             |     1 |     1 |     2 ||     4
 Cast: Beastly Appendage |    20 |    21 |     6 ||    47
       Spider Form       |     1 |    10 |    24 ||    35
       Sticks to Snakes  |       |     2 |       ||     2
       Ice Form          |       |     1 |     3 ||     4
Invok: Lunge             |       |       |    19 ||    19
       Whirlwind         |       |       |     3 ||     3
Evoke: Wand              |       |     1 |       ||     1
  Use: Potion            |     2 |       |     1 ||     3
       Scroll            |       |    14 |     4 ||    18
 Stab: Sleeping          |       |     1 |     1 ||     2
       Paralysed         |       |     3 |       ||     3
       Distracted        |       |       |     1 ||     1
  Eat: Chunk             |     3 |     5 |    17 ||    25
       Ration            |       |     2 |       ||     2
Armor: Skin              |    43 |    24 |    37 ||   104
Dodge: Dodged            |   112 |   145 |   283 ||   540

Table legend:
 A = Non-vault XP
 B = Vault XP
 C = Vault XP percentage of total XP
 D = Non-vault monster count
 E = Vault monster count
 F = Vault count percentage of total count
                 A         B        C        D         E       F
            +---------+---------+-------+---------+---------+-------
      Total |    3608 |    1109 |  23.5 |     163 |      30 |  15.5
            +---------+---------+-------+---------+---------+-------
        D:1 |      63 |       0 |   0.0 |      22 |       0 |   0.0
        D:2 |      57 |       0 |   0.0 |      20 |       0 |   0.0
        D:3 |      76 |       0 |   0.0 |      25 |       0 |   0.0
        D:4 |     161 |       0 |   0.0 |       9 |       0 |   0.0
        D:5 |     540 |       0 |   0.0 |      12 |       0 |   0.0
        D:6 |     433 |     248 |  36.4 |       9 |       2 |  18.2
        D:7 |     827 |       0 |   0.0 |      24 |       0 |   0.0
        D:8 |    1451 |     861 |  37.2 |      42 |      28 |  40.0
            +---------+---------+-------+---------+---------+-------
